 Dungeon Crawl Stone Soup version 0.32-a0-468-g38b2580584 (webtiles) character file.

Game seed: 8334867170955721953

67 Dirtsage the Ducker (level 4, -6/31 HPs)
             Began as an Octopode Fighter on Feb 24, 2024.
             Killed by divine providence
             ... invoked by an orc priest
              (12 damage)
             ... on level 3 of the Dungeon.
             The game lasted 00:01:39 (1972 turns).

Dirtsage the Ducker (Octopode Fighter)              Turns: 1972, Time: 00:01:40

Health: -6/31      AC:  1    Str: 15    XL:     4   Next: 18%
Magic:  4/4        EV: 13    Int: 10    God:
Gold:   142        SH:  5    Dex: 13    Spells: 3/3 levels left

rFire   . .          .
                       - Unarmed
rCold   . . .        a - +0 buckler
rNeg    + . .        (helmet restricted)
rPois   .            (no amulet)
rElec   .            N - ring of positive energy
rCorr   .            (no ring)
SInv    .            (no ring)
Will    .....        (no ring)
Stlth   ++           (no ring)
HPRegen 0.25/turn    (no ring)
MPRegen 0.09/turn    (no ring)
                     (no ring)

%: no passive effects
@: no status effects
A: almost no armour, amphibious, 8 rings, camouflage 1, gelatinous body 1,
(nimble swimmer 1), tentacles
a: Convert to Beogh


You were on level 3 of the Dungeon.
You visited 1 branch of the dungeon, and saw 3 of its levels.

You collected 142 gold pieces.

Inventory:

Armour
 a - a +0 buckler (worn)
Jewellery
 N - a ring of positive energy (left tentacle)
Talismans
 n - a serpent talisman
Scrolls
 e - a scroll of teleportation {unknown}
 h - 4 scrolls of identify {unknown}
 i - a scroll of noise {unknown}
 k - a scroll of fog {unknown}
 m - a scroll of vulnerability {unknown}
Potions
 b - a potion of ambrosia {unknown}
 c - a potion of heal wounds {unknown}
 d - a potion of might
 f - a potion of brilliance {unknown}
 g - a potion of mutation {unknown}
 j - a potion of curing {unknown}
 l - a potion of enlightenment {unknown}


   Skills:
 + Level 3.4 Fighting
 + Level 3.4 Dodging
 + Level 3.4 Shields
 * Level 3.1 Unarmed Combat


You had 3 spell levels left.
You didn't know any spells.
Your spell library was empty.

Dungeon Overview and Level Annotations

Branches:
Dungeon (3/15)

Altars:


Innate Abilities, Weirdness & Mutations

You cannot wear most types of armour.
You are amphibious.
You can wear up to eight rings at the same time.
Your skin changes colour to match your surroundings (Stealth+).
Your rubbery body absorbs attacks. (AC +1, EV +1)
((You are camouflaged when in or above water. (Stealth+)))
You have tentacles for arms and can constrict up to eight enemies at once.


Message History

Found a stone staircase leading up.
The orc moves out of view.
The bat hits you but does no damage.
You barely miss the orc. You grab the orc. You constrict the orc.
The bat hits you but does no damage.
A bat comes into view.
The orc hits you with a +0 short sword.
The bat moves out of view.
You take 3 damage, and have 28/31 hp.
You tentacle-slap the orc.
You kill the orc!
The bat misses you.
An orc comes into view. It is wielding a +0 flail.
The bat barely misses you.
You tentacle-slap the bat.
You kill the bat!
An orc priest comes into view. It is wielding a +0 whip.
A hobgoblin comes into view.
The orc shouts!
The hobgoblin shouts!
The orc hits you with a +0 flail.
You take 4 damage, and have 25/31 hp.
You completely miss the orc. Your grab misses the orc. The hobgoblin hits you.
The bat completely misses you.
You take 2 damage, and have 23/31 hp.
You tentacle-slap the orc. Your grab misses the orc.
Your squeeze misses the orc.
The orc is moderately wounded.
The bat barely misses you. You block the bat's attack.
You block the hobgoblin's attack. The bat closely misses you.
The orc hits you with a +0 flail! The orc hits you with a +0 dagger.
The orc priest shouts, "Surrender to Beogh and we'll let you live!" (press Y on the ability menu to convert to Beogh)
You take 10 damage, and have 13/31 hp.
MASSIVE DAMAGE!!
The orc hits you with a +0 flail!
* * * LOW HITPOINT WARNING * * *
The bat misses you.
You take 8 damage, and have 5/31 hp.
MASSIVE DAMAGE!!
The bat attacks as it pursues you! The bat hits you but does no damage.
The bat completely misses you.
The orc priest mumbles some strange prayers to Beogh against you.
Beogh smites you!
You die...

#. ######
#.##....####
..........#
#.......!# .
#.$.....########
...###.g...?....?...#
.......o............#
......o.b@..........#
......o###).........#
......<...###.......#
.......##. #...#####
....##.
#.#####..#########
..#. ..
.................. .
# ##
####...##..######
#... ##.†#
#...####'##


You could see an orc priest, 2 orcs, a hobgoblin and a bat.

Vanquished Creatures
  Terence (D:2)
  An adder (D:3)
  A dart slug (D:2)
  An orc (D:3)
  2 endoplasms (D:2)
  3 giant cockroaches
  2 goblins
  3 hobgoblins
  5 kobolds
  2 quokkas
  2 ball pythons (D:2)
  2 bats
  A frilled lizard (D:1)
  3 rats
29 creatures vanquished.

Notes
Turn   | Place    | Note
-------+----------+-------------------------------------------
     0 | D:1      | Dirtsage the Octopode Fighter began the quest for the Orb.
     0 | D:1      | Reached XP level 1. HP: 16/16 MP: 1/1
   750 | D:1      | Reached XP level 2. HP: 21/21 MP: 2/2
   932 | D:2      | Noticed Terence
   941 | D:2      | Killed Terence
   942 | D:2      | Reached XP level 3. HP: 14/26 MP: 3/3
  1886 | D:3      | Reached XP level 4. HP: 24/31 MP: 4/4
  1972 | D:3      | Killed from afar by an orc priest

Illustrated notes

Levels and vault maps discovered:
D:1:      lemuel_arrival_hallway, layout_basic, minmay_misc_feat_tower
D:2:      minmay_spotlight, layout_basic, serial_bayou, serial_bayou_pond_c,
          serial_bayou_pond_c, serial_bayou_shore_a, serial_bayou_pond_a,
          chequers_serial_rivers_micro_e, uniq_terence
D:3:      layout_basic

Skill      XL: |  1  2  3 |
---------------+----------+-----
Unarmed Combat | 3 |  3.1
Fighting       | |  3.4
Dodging        | |  3.4
Shields        | |  3.4

Action                     |  1- 3 |  4- 6 || total
---------------------------+-------+-------++-------
  Melee: Unarmed           |    56 |     7 ||    63
         Constrict         |    13 |     2 ||    15
         Tentacles         |    12 |       ||    12
         Punch             |     2 |       ||     2
   Stab: Sleeping          |     8 |       ||     8
 Armour: Skin              |    14 |    10 ||    24
  Dodge: Dodged            |    27 |     7 ||    34
  Block: Buckler           |    13 |     2 ||    15

Table legend: (Time is in decaauts)
 A = Elapsed time spent in this place.
 B = Non-inter-level travel time spent in this place.
 C = Inter-level travel time spent in this place.
 D = Time resting spent in this place.
 E = Time spent auto-exploring this place.
 F = Levels seen in this place.
 G = Mean time per level.
                   A        B        C        D        E       F      G
               +--------+--------+--------+--------+--------+-----+--------+
         Total |   1970 |   1932 |     38 |      0 |   1723 |   3 |  656.7 |
       Dungeon |   1970 |   1932 |     38 |      0 |   1723 |   3 |  656.7 |
               +--------+--------+--------+--------+--------+-----+--------+

Top non-repeatable levels by time:
     D:2: 943 daAuts
     D:1: 848 daAuts
     D:3: 178 daAuts
